 Dungeon Sprint DCSS version 0.31-a0-325-g067879e3d3 (webtiles) character file.

Game seed: 6603822979990484727

24 dialectric the Trooper (level 3, 0/25 HPs)
             Began as a Gargoyle Fighter on July 18, 2023.
             Slain by an ogre
             ... wielding a +0 giant club
              (7 damage)
             ... in the Dungeon (Sprint I: "Red Sonja").
             The game lasted 00:00:09 (21 turns).

dialectric the Trooper (Gargoyle Fighter)             Turns: 21, Time: 00:00:10

Health: 0/25       AC: 10    Str: 19    XL:     3   Next: 2%
Magic:  3/3        EV:  9    Int:  8    God:
Gold:   0          SH:  5    Dex: 11    Spells: 2/2 levels left

rFire   . . .        a - +0 flail
rCold   . . .        c - +0 buckler
rNeg    + . .        b - +0 scale mail
rPois   ∞            (no helmet)
rElec   +            (no cloak)
rCorr   .            (no gloves)
SInv    .            (no boots)
Will    .....        (no amulet) Stlth
                     (no ring)
HPRegen 0.24/turn    (no ring)
MPRegen 0.08/turn

%: no teleportation
@: mighty
A: sickness immunity, AC +3, negative energy resistance 1, electricity
resistance, torment resistance 1, petrification resistance
a: no special abilities


You were in the Dungeon.
You visited 1 branch

Inventory:

Hand Weapons
 a - a +0 flail (weapon)
Armour
 b - a +0 scale mail (worn)
 c - a +0 buckler (worn)
Wands
 d - a wand of iceblast (5)
Scrolls
 j - a scroll of blinking
Potions
 e - a potion of curing
 f - a potion of heal wounds
 g - a potion of haste
 h - 2 potions of magic
 i - a potion of berserk rage


   Skills:
 + Level 4.8 Fighting
 + Level 2.6 Maces & Flails
 + Level 4.7 Armour
 + Level 4.5 Shields


You had 2 spell levels left.
You didn't know any spells.
Your spell library was empty.

Dungeon Overview and Level Annotations

Branches:
Dungeon (1/1)

Altars:


Innate Abilities, Weirdness & Mutations

You are immune to sickness and miasma.
Your stone body is resilient. (AC +3)
You are immune to poison.
You resist negative energy. (rN+)
You are resistant to electric shocks. (rElec)
You are resistant to unholy torment.
You are immune to petrification.


Message History

You closely miss Ijyb.
Ijyb is heavily wounded.
Ijyb hits you but does no damage.
You barely miss Ijyb.
Ijyb is heavily wounded.
Ijyb hits you but does no damage.
You sock Ijyb!
You kill Ijyb!
Your Fighting skill increases to level 4!
Your Armour skill increases to level 4!
Your Shields skill increases to level 4!
You have reached level 2!
You have reached level 3!
Your experience leads to an increase in your attributes!
Increase (S)trength, (I)ntelligence, or (D)exterity?
You feel agile. x2
Unknown command.
d - a wand of iceblast (5)
Things that are here:
a +0 dagger; a +0 chain mail You open the door.
An ogre comes into view. It is wielding a +0 giant club.
The ogre shouts!
The ogre hits you with a +0 giant club!
Ouch! That really hurt!
* * * LOW HITPOINT WARNING * * *
There is an open door here.
You thump the ogre!
The ogre is heavily wounded.
Unknown command.
You barely miss the ogre.
The ogre is heavily wounded.
The ogre barely misses you.
You sock the ogre!
The ogre is almost dead.
The ogre completely misses you.
You barely miss the ogre.
The ogre is almost dead.
The ogre hits you with a +0 giant club!
You die...

##########
#<.#..@O.#
#..').#..+
#..#####+#
#..# #..#
#..# #⌠⌠#
####


You could see an ogre.

Vanquished Creatures
  Ijyb (D)
1 creature vanquished.

Notes
Turn   | Place    | Note
-------+----------+-------------------------------------------
     0 | D        | dialectric the Gargoyle Fighter began the quest for the
                  | Orb.
     0 | D        | Reached XP level 1. HP: 14/14 MP: 1/1
     1 | D        | Noticed Ijyb
    12 | D        | Killed Ijyb
    13 | D        | Reached XP level 2. HP: 17/20 MP: 2/2
    13 | D        | Reached XP level 3. HP: 22/25 MP: 3/3
    16 | D        | Noticed an ogre
    21 | D        | Slain by an ogre

Illustrated notes

Levels and vault maps discovered:
D:        dungeon_sprint_1 [red_sonja_temple_1, red_sonja_temple_small_1]

Skill      XL: |  1 |
---------------+----+-----
Fighting       | 4 |  4.8
Armour         | 4 |  4.7
Shields        | 4 |  4.5
Maces & Flails | |  2.6

Action                     || total
---------------------------++-------
  Melee: Flail             ||    13
    Use: Potion            ||     1
 Armour: Scale mail        ||     5
  Dodge: Dodged            ||     6
  Block: Buckler           ||     1

Table legend: (Time is in decaauts)
 A = Elapsed time spent in this place.
 B = Non-inter-level travel time spent in this place.
 C = Inter-level travel time spent in this place.
 D = Time resting spent in this place.
 E = Time spent auto-exploring this place.
 F = Levels seen in this place.
 G = Mean time per level.
                   A        B        C        D        E       F      G
               +--------+--------+--------+--------+--------+-----+--------+
         Total |     24 |     24 |      0 |      0 |      0 |   1 |   24.0 |
       Dungeon |     24 |     24 |      0 |      0 |      0 |   1 |   24.0 |
               +--------+--------+--------+--------+--------+-----+--------+

Top non-repeatable levels by time:
       D: 24 daAuts
